Map: King Sejong Station LE

Players

RAVEN - Winner!

  • Race: Protoss Protoss
  • League: Gold

lemaster

  • Race: Protoss Protoss
  • League: Gold

VOD

Have the link to the VOD?

Description

Time

  • Played on: May 30, 2016, 5:14 p.m.
  • Length: 10:20
Show
View Real Time Build Order
Export as new Build Order

RAVEN Protoss - Winner!

Build Orders:  

Get SALT Encoding   

  12  0:01  Probe (Chrono Boost)  
  13  0:12  Probe (Chrono Boost)  
  14  0:19  Pylon  
  14  0:22  Probe (Chrono Boost)  
  15  0:37  Probe (Chrono Boost)  
  15  0:41  Gateway  
  16  0:47  Assimilator  
  16  0:48  Probe (Chrono Boost)  
  17  1:00  Probe (Chrono Boost)  
  18  1:12  Probe (Chrono Boost)  
  19  1:30  Cybernetics Core  
  19  1:35  Pylon  
  19  1:40  Probe (Chrono Boost)  
  19  1:43  Assimilator  
  20  1:51  Probe (Chrono Boost)  
  21  1:57  Gateway  
  20  2:01  Probe (Chrono Boost)  
  21  2:14  Stalker  
  23  2:16  Pylon  
  23  2:18  Mothership Core (Chrono Boost)  
  25  2:36  Probe (Chrono Boost)  
  26  2:42  Robotics Facility  
  26  2:47  Probe (Chrono Boost)  
  27  2:51  Stalker  
  27  2:57  Probe (Chrono Boost)  
  30  2:59  Stalker  
  30  3:02  Warp Gate  
  32  3:08  Probe (Chrono Boost)  
  33  3:24  Stalker, Pylon  
  33  3:25  Probe (Chrono Boost)  
  36  3:42  Immortal  
  36  3:46  Stalker  
  42  3:49  Probe (Chrono Boost)  
  43  3:58  Adept  
  45  4:07  Probe (Chrono Boost)  
  46  4:21  Observer  
  47  4:28  Pylon  
  47  4:31  Pylon  
  47  4:52  Immortal  
  51  5:12  Pylon  
  50  5:17  Stalker  
  50  5:18  Gateway, Adept  
  54  5:22  Gateway  
  54  5:40  Gateway, Adept  
  56  5:51  Adept  
  56  5:55  Observer  
  59  6:03  Twilight Council  
  59  6:12  Nexus  
  59  6:13  Pylon  
  59  6:33  Adept x2  
  63  7:00  Adept x3  
  63  7:01  Adept  
  65  7:19  Adept  
  67  7:24  Pylon  
  67  7:27  Probe x2 (Chrono Boost)  
  68  7:33  Resonating Glaives (Chrono Boost)  
  68  7:35  Immortal (Chrono Boost)  
  72  7:39  Zealot x3  
  78  7:49  Probe  
  78  7:50  Probe  
  80  7:57  Pylon  
  80  7:59  Probe  
  65  8:06  Zealot  
  65  8:07  Zealot  
  61  8:16  Stalker  
  61  8:19  Stalker  
  61  8:23  Probe  
  62  8:39  Probe  
  62  8:40  Probe  
  64  8:46  Adept  
  64  8:47  Adept  
  68  8:53  Immortal  
  72  8:57  Probe  
  72  8:59  Probe  
  74  9:12  Forge  
  74  9:13  Stalker  
  74  9:15  Adept  
  78  9:18  Mothership Core  
  80  9:34  Adept x3  
  86  9:48  Probe  
  86  9:52  Assimilator  
  87  9:53  Assimilator  
  87  9:55  Pylon  
  87  9:57  Pylon, Photon Cannon  
  87  10:02  Photon Cannon  
Show
View Real Time Build Order
Export as new Build Order

lemaster Protoss 

Build Orders:  

Get SALT Encoding   

  12  0:01  Probe (Chrono Boost)  
  13  0:12  Probe (Chrono Boost)  
  14  0:20  Pylon  
  14  0:23  Probe (Chrono Boost)  
  15  0:38  Probe (Chrono Boost)  
  16  0:49  Probe (Chrono Boost)  
  17  0:58  Gateway  
  17  1:02  Gateway  
  17  1:05  Gateway  
  17  1:10  Pylon  
  17  1:17  Pylon  
  17  1:30  Assimilator  
  17  1:36  Probe (Chrono Boost)  
  18  1:46  Cybernetics Core, Probe (Chrono Boost)  
  19  1:48  Zealot  
  19  1:51  Zealot  
  23  1:57  Zealot  
  25  2:15  Zealot  
  27  2:20  Zealot  
  29  2:25  Zealot  
  31  2:37  Assimilator  
  31  2:39  Probe (Chrono Boost)  
  34  2:45  Stalker (Chrono Boost)  
  34  2:49  Probe (Chrono Boost)  
  35  2:55  Stalker (Chrono Boost)  
  37  3:00  Probe (Chrono Boost)  
  38  3:12  Probe  
  39  3:27  Warp Gate (Chrono Boost)  
  39  4:20  Pylon  
  39  4:23  Pylon x2  
  39  4:25  Pylon  
  39  4:34  Nexus  
  39  4:37  Stalker  
  39  4:38  Stalker x2  
  43  4:45  Robotics Facility  
  43  4:47  Twilight Council  
  43  4:52  Forge  
  43  4:59  Pylon  
  43  5:27  Charge (Chrono Boost)  
  43  5:30  Protoss Ground Weapons Level 1  
  43  5:33  Observer  
  44  5:38  Zealot  
  44  5:40  Zealot  
  48  5:47  Probe  
  49  5:52  Probe  
  50  5:57  Probe  
  50  6:02  Observer  
  52  6:06  Zealot  
  52  6:07  Zealot  
  52  6:09  Probe  
  57  6:16  Probe  
  56  6:26  Stalker  
  57  6:36  Zealot x2  
  58  6:52  Zealot  
  60  6:57  Zealot x2  
  62  7:25  Stalker  
  62  7:26  Stalker x2  
  68  7:51  Zealot  
  27  8:36  Stalker  
  27  8:37  Nexus  
  27  8:38  Nexus  
  27  8:41  Zealot  
  31  8:46  Zealot  
  33  8:56  Pylon  
  33  9:16  Zealot  
  35  9:17  Zealot  
  35  9:21  Zealot  
  39  9:31  Probe  
  40  9:43  Probe  
  41  9:50  Probe  
  42  10:00  Probe  
  42  10:03  Probe  
  44  10:13  Zealot  
Tags
 
Add a new tag
Caveats
  • Supply blocks, unpowered buildings, or Contaminate may cause inaccurate times.
  • Supply counts are checked every 10 seconds.